 Dungeon Crawl Stone Soup version 0.30.0-29-ga12c61a403 (webtiles) character file.

Game seed: 888754893675858455

263 BONEBRO the Chiller (level 5, -5/43 HPs)
             Began as a Demonspawn Ice Elementalist on June 22, 2023.
             Was an Initiate of Kikubaaqudgha.
             Slain by Edmund
             ... wielding a +4 dire flail of holy wrath
              (8 damage)
             ... on level 4 of the Dungeon.
             The game lasted 00:17:11 (3214 turns).

BONEBRO the Chiller (Demonspawn Ice Elementalist)   Turns: 3214, Time: 00:17:11

Health: -5/43      AC:  6    Str: 10    XL:     5   Next: 97%
Magic:  1/8        EV: 13    Int: 19    God:    Kikubaaqudgha [......]
Gold:   214        SH:  0    Dex: 14    Spells: 4/8 levels left

rFire   . . .        q - +0 spear
rCold   . . .        (no shield)
rNeg    . . .        l - +0 leather armour
rPois   .            (helmet restricted)
rElec   +            p - +0 cloak of Mental Paralysis {rElec Int+3 SInv}
rCorr   .            i - +1 pair of gloves
SInv    +            (no boots)
Will    .....        g - amulet of regeneration
Stlth   ++           (no ring)
HPRegen 1.07/turn    (no ring)
MPRegen 0.11/turn

%: no passive effects
@: flying, very slightly contaminated
A: horns 2, repulsion field 1
a: Renounce Religion


You were on level 4 of the Dungeon.
You worshipped Kikubaaqudgha.
Kikubaaqudgha was noncommittal.
You visited 1 branch of the dungeon, and saw 4 of its levels.

You collected 214 gold pieces.

Inventory:

Hand Weapons
 f - a +0 club
 q - a +0 spear (weapon)
 s - a +0 antimagic spear
Missiles
 k - 2 silver boomerangs
 n - a throwing net
Armour
 a - a +0 robe
 i - a +1 pair of gloves (worn)
 l - a +0 leather armour (worn)
 p - the +0 cloak of Mental Paralysis (worn) {rElec Int+3 SInv}
   (You found it on level 3 of the Dungeon)

   Int:       It affects your intelligence (+3).
   rElec:     It insulates you from electricity.
   SInv:      It lets you see invisible.
Jewellery
 g - an amulet of regeneration (around neck)
Scrolls
 c - a scroll of enchant weapon {unknown}
 e - a scroll of amnesia {unknown}
 h - 4 scrolls of identify {unknown}
 o - 2 scrolls of teleportation {unknown}
 t - a scroll of fog {unknown}
 v - a scroll of blinking {unknown}
Potions
 b - 2 potions of magic
 d - 2 potions of mutation {unknown}
 j - a potion of curing
 m - a potion of brilliance {unknown}
 r - 4 potions of flight
 u - a potion of heal wounds {unknown}


   Skills:
 + Level 4.5 Fighting
 - Level 1.7 Dodging
 - Level 1.7 Stealth
 - Level 2.0 Spellcasting
 - Level 5.0 Ice Magic


You had 4 spell levels left.
You knew the following spells:

 Your Spells              Type           Power      Damage    Failure   Level
a - Freeze                Ice            80%        1d9       3%          1
b - Ozocubu's Armour      Ice            20%        N/A       9%          3

Your spell library contained the following spells:

 Spells                   Type           Power      Damage    Failure   Level
 Frozen Ramparts          Ice            40%        1d7       9%          3
 Sting                    Tmut/Pois      4%         1d3       22%         1
 Poisonous Vapours        Pois/Air       2%         N/A       34%         2
 Summon Ice Beast         Ice/Summ       11%        N/A       63%         4
 Olgreb's Toxic Radiance  Pois           1%         N/A       92%         4


Dungeon Overview and Level Annotations

Branches:
Dungeon (4/15)
 Temple: D:4-7

Altars:
Hepliaklqana
Kikubaaqudgha
Makhleb
Yredelemnul

Annotations:
D:4 Edmund


Innate Abilities, Weirdness & Mutations

You have a pair of horns on your head.
You are surrounded by a mild repulsion field. (EV +2)


Message History

You freeze Edmund.
Edmund is lightly wounded.
Edmund says, "People think my brother is the best.
I think he's crazy."
Edmund barely misses you.
You freeze Edmund.
Edmund is lightly wounded.
Edmund hits you with a +4 dire flail of holy wrath!
You convulse!
You freeze Edmund!
Edmund is moderately wounded.
Edmund closely misses you.
You freeze Edmund.
Edmund is moderately wounded.
Edmund hits you with a +4 dire flail of holy wrath.
You convulse.
You freeze Edmund.
Edmund is moderately wounded.
Edmund misses you.
You miscast Freeze.
You are very lightly contaminated with residual magic.
Nothing appears to happen.
Edmund barely misses you.
You freeze Edmund!
Edmund is heavily wounded.
Edmund hits you with a +4 dire flail of holy wrath!
You convulse.
You are too injured to fight recklessly!
You are too injured to fight recklessly!
It was a potion of flight.
You feel very buoyant.
You fly up into the air.
Edmund hits you with a +4 dire flail of holy wrath.
* * * LOW HITPOINT WARNING * * *
You convulse.
* * * LOW HITPOINT WARNING * * *
It was a potion of curing.
You feel better.
Edmund hits you with a +4 dire flail of holy wrath!
* * * LOW HITPOINT WARNING * * *
You convulse!
You die...
Kikubaaqudgha rasps: "You have failed me!
Welcome... death!"

#...........# #..###...
#........# ##...###..
##.......####.....###.
##........##..##...#.
##...........###....
#......##...###....
##...............#.
..#####..##.....####....
......@@#####..## #....
..........# #.## #.###
...######.# ###..# ..# ..
#.###....####.# #.
##........##..# # .##
#.........#.# # #.##
#...........# ## ## ###..###
#...........####.
.#######......###........##..##..


You could see Edmund.

Vanquished Creatures
  A jelly (D:4)
  A sleepcap (D:4)
  An orc wizard (D:3)
  Robin (D:4)
  3 gnolls
  3 adders
  An ufetubus (D:4)
  2 worms
  A dart slug (D:2)
  3 orcs (D:3)
  8 ball pythons
  9 endoplasms
  2 giant cockroaches
  15 goblins
  13 hobgoblins
  8 jackals
  4 quokkas
  9 bats
  4 frilled lizards
  3 kobolds (D:1)
  3 rats
95 creatures vanquished.

Notes
Turn   | Place    | Note
-------+----------+-------------------------------------------
     0 | D:1      | BONEBRO the Demonspawn Ice Elementalist began the quest for
                  | the Orb.
     0 | D:1      | Reached XP level 1. HP: 13/13 MP: 3/3
   178 | D:1      | Reached skill level 4 in Ice Magic
   182 | D:1      | Gained mutation: You have a pair of small horns on your
                  | head. [demonic ancestry]
   182 | D:1      | Reached XP level 2. HP: 17/19 MP: 0/5
   263 | D:1      | Found a faded altar of an unknown god.
   439 | D:1      | Gained mutation: You have a pair of horns on your head.
                  | [demonic ancestry]
   439 | D:1      | Reached XP level 3. HP: 24/24 MP: 3/6
  1000 | D:2      | Reached skill level 5 in Ice Magic
  1004 | D:2      | Learned a level 3 spell: Ozocubu's Armour
  1300 | D:2      | Reached skill level 1 in Fighting
  1300 | D:2      | Gained mutation: You are surrounded by a mild repulsion
                  | field. (EV +2) [demonic ancestry]
  1300 | D:2      | Reached XP level 4. HP: 32/32 MP: 2/7
  1879 | D:3      | Found a hazy altar of Hepliaklqana.
  1881 | D:3      | Found a basalt altar of Yredelemnul.
  1883 | D:3      | Found an ancient bone altar of Kikubaaqudgha.
  1884 | D:3      | Found a burning altar of Makhleb.
  1912 | D:3      | Became a worshipper of Kikubaaqudgha
  1944 | D:3      | Identified the +0 cloak of Mental Paralysis {rElec Int+3
                  | SInv}
  2164 | D:3      | Reached XP level 5. HP: 28/41 MP: 1/8
  2893 | D:4      | Noticed Robin
  2896 | D:4      | Killed Robin
  3198 | D:4      | Noticed Edmund
  3214 | D:4      | Slain by Edmund

Illustrated notes

Levels and vault maps discovered:
D:1:      minmay_arrival_cross, layout_rooms, hellmonk_ecumenical_altar_run_dry
D:2:      layout_loops_cross
D:3:      layout_loops_ring, mainiacjoe_overflow_cross_hatched,
          grunt_temple_overflow_open
D:4:      layout_layer_cave, chequers_serial_rivers_room_b, grunt_ministairs_13,
          uniq_edmund, uniq_robin

Skill      XL: |  1  2  3  4  5 |
---------------+----------------+-----
Ice Magic      | 4 5 |  5.0
Fighting       | 1 3 4 |  4.5
Dodging        | |  1.7
Stealth        | |  1.7
Spellcasting   | |  2.0

Action                     |  1- 3 |  4- 6 || total
---------------------------+-------+-------++-------
  Melee: Unarmed           |    12 |       ||    12
         Club              |    94 |    23 ||   117
         Headbutt          |    20 |    14 ||    34
         Punch             |     1 |       ||     1
         Spear             |       |    44 ||    44
   Cast: Freeze            |    37 |    58 ||    95
    Use: Potion            |       |     2 ||     2
   Stab: Sleeping          |     1 |       ||     1
 Armour: Robe              |    28 |     3 ||    31
         Leather armour    |       |    18 ||    18
  Dodge: Dodged            |   114 |   104 ||   218
